HSSL
COWETA HS TIGERS @ BISHOP VEROT HS
04/18/2024
 
TOP OF THE 1ST
Coweta HS Tigers batting - Pitching for Bishop Verot HS : RHP Zach Black
Pitching: RHP Zach Black
Batting: RHB Ramiro Javier 0-0: Ball
1-0: Called Strike
1-1: Ball
2-1: Ball
3-1: Base on Balls
Batting: RHB Brian Andrews 0-0: Ball
1-0: Grounds into double play, 6-4-3 (Groundball, 6)
Batting: RHB José Cisneros 0-0: Swinging Strike
0-1: SOLO HOME RUN (Flyball, 7LD), Distance : 348 ft
Batting: RHB Héctor Vázquez 0-0: Called Strike
0-1: Called Strike
0-2: Foul Ball, location: 2F
0-2: Ball
1-2: Ball
2-2: Ball
3-2: Base on Balls
Batting: LHB Jim Clemente 0-0: Ball
1-0: Called Strike
1-1: Ball
2-1: Ball
3-1: Swinging Strike
3-2: Foul Ball, location: 2F
3-2: Foul Ball, location: 2F
3-2: Foul Ball, location: 2F
3-2: Base on Balls
Héctor Vázquez to second
Batting: RHB Ben Johnson 0-0: Ball
1-0: Ball
2-0: Called Strike
2-1: Reached on error, E5 (Groundball, 5D)
Héctor Vázquez scores
Jim Clemente to third
Batting: RHB Phil Shaw 0-0: Swinging Strike
0-1: Foul Ball, location: 2F
0-2: Ball
1-2: SINGLE (Groundball, 34D)
Jim Clemente scores
Ben Johnson to third
Runner from 3rd tries for Home, SAFE, no throw or cutoff
Batting: RHB Jon Waller 0-0: Ball
1-0: Ball
2-0: Foul Ball, location: 2F
2-1: Foul Ball, location: 2F
2-2: Ball
3-2: Base on Balls
Phil Shaw to second
Batting: SHB Jessie Teague 0-0: Called Strike
0-1: Ball
1-1: Fly out, F8 (Flyball, 8LXD)
Top of the 1st over - 4 run(s), 2 hit(s), 1 error(s), 2 left on base; Coweta HS 4 - Bishop Verot HS 0
BOTTOM OF THE 1ST
Bishop Verot HS batting - Pitching for Coweta HS Tigers : RHP Paul Orr
Pitching: RHP Paul Orr
Batting: RHB Peter Bishop 0-0: Ball
1-0: DOUBLE (Flyball, 78M)
Batting: RHB Luis Morales 0-0: Hit by Pitch
Batting: LHB Rafael Yan 0-0: Called Strike
0-1: Swinging Strike
0-2: Ball
1-2: Strikes out swinging
Batting: RHB Nick Vogel 0-0: Foul Ball, location: 2F
0-1: Ball
1-1: Foul Ball, location: 2F
1-2: Strikes out looking
Batting: RHB Terry Perkins 0-0: Foul Ball, location: 2F
0-1: Called Strike
0-2: Ball
1-2: Ground out 4-3 (Groundball, 4S)
Bottom of the 1st over - 0 run(s), 1 hit(s), 0 error(s), 2 left on base; Coweta HS 4 - Bishop Verot HS 0
TOP OF THE 2ND
Coweta HS Tigers batting - Pitching for Bishop Verot HS : RHP Zach Black
Batting: RHB Ramiro Javier 0-0: Ball
1-0: SINGLE (Groundball, 6)
Batting: RHB Brian Andrews 0-0: Fly out, F9 (Popup, 3D)
Batting: RHB José Cisneros 0-0: Ball
1-0: Ball
Ramiro Javier steals 2nd base
2-0: Ball
3-0: Called Strike
3-1: Called Strike
3-2: Strikes out swinging
Batting: RHB Héctor Vázquez 0-0: Swinging Strike
0-1: Swinging Strike
0-2: Ball
1-2: Fly out, F8 (Flyball, 8RM)
Top of the 2nd over - 0 run(s), 1 hit(s), 0 error(s), 1 left on base; Coweta HS 4 - Bishop Verot HS 0
BOTTOM OF THE 2ND
Bishop Verot HS batting - Pitching for Coweta HS Tigers : RHP Paul Orr
Batting: LHB Jim Hall 0-0: Swinging Strike
0-1: Foul Ball, location: 2F
0-2: Foul Ball, location: 2F
0-2: Foul Ball, location: 2F
0-2: Ball
1-2: SINGLE (Groundball, 4M)
Batting: RHB Carlos Sánchez 0-0: Ball
Jim Hall steals 2nd base
1-0: DOUBLE (Line Drive, 89M)
Jim Hall scores
Batting: RHB Reynaldo Gómez 0-0: Ball
1-0: Foul Ball, location: 2F
1-1: Ball
2-1: Ball
3-1: Base on Balls
Batting: RHB Jon Foster 0-0: Ball
1-0: Reached on error, E6 (Groundball, 6M)
Carlos Sánchez to third
Reynaldo Gómez to second
Batting: RHB Peter Bishop 0-0: Swinging Strike
0-1: Swinging Strike
0-2: Ball
1-2: Fielders Choice at 2nd, 4-6 (Groundball, 4)
Carlos Sánchez scores
Reynaldo Gómez to third
Batting: RHB Luis Morales 0-0: Called Strike
0-1: Ball
1-1: Ball
2-1: Called Strike
2-2: Strikes out swinging
Batting: LHB Rafael Yan 0-0: Ball
1-0: Swinging Strike
1-1: Ball
2-1: Foul Ball, location: 2F
2-2: Ball
3-2: Strikes out swinging
Bottom of the 2nd over - 2 run(s), 2 hit(s), 1 error(s), 2 left on base; Coweta HS 4 - Bishop Verot HS 2
TOP OF THE 3RD
Coweta HS Tigers batting - Pitching for Bishop Verot HS : RHP Zach Black
Batting: LHB Jim Clemente 0-0: Called Strike
0-1: Swinging Strike
0-2: SINGLE (Line Drive, 78S)
Batting: RHB Ben Johnson 0-0: Called Strike
0-1: Called Strike
0-2: Ball
1-2: Ball
2-2: Foul Ball, location: 2F
2-2: Ball
3-2: Foul Ball, location: 2F
3-2: Foul Ball, location: 2F
3-2: Foul Ball, location: 2F
3-2: Foul Ball, location: 2F
3-2: Foul Ball, location: 2F
3-2: Foul Ball, location: 2F
3-2: 2-RUN HOME RUN (Flyball, 7D), Distance : 370 ft
Batting: RHB Phil Shaw 0-0: Ball
1-0: Foul Ball, location: 2F
1-1: Ball
2-1: DOUBLE (Groundball, 3L)
Batting: RHB Jon Waller 0-0: Ball
1-0: Ball
2-0: Ball
3-0: Base on Balls
Batting: SHB Jessie Teague 0-0: Swinging Strike
0-1: Ball
1-1: Ball
2-1: Called Strike
2-2: Strikes out swinging
Pitching: RHP Pete O'Connor
Batting: RHB Ramiro Javier 0-0: Ball
1-0: Called Strike
Phil Shaw steals 3rd base
Jon Waller to second
1-1: Fly out, F8 (Flyball, 8LM)
Runner from 3rd tags up, SCORES, no throw
Batting: RHB Brian Andrews 0-0: Ball
1-0: Called Strike
1-1: Swinging Strike
1-2: Foul Ball, location: 2F
1-2: Foul Ball, location: 2F
1-2: Ball
2-2: Foul Ball, location: 2F
2-2: Ball
3-2: Base on Balls
Batting: RHB José Cisneros 0-0: Fielders Choice at 2nd, U6 (Groundball, 6M)
Top of the 3rd over - 3 run(s), 3 hit(s), 0 error(s), 2 left on base; Coweta HS 7 - Bishop Verot HS 2
BOTTOM OF THE 3RD
Bishop Verot HS batting - Pitching for Coweta HS Tigers : RHP Paul Orr
Batting: RHB Nick Vogel 0-0: Foul Ball, location: 2F
0-1: Ball
1-1: Ball
2-1: Ball
3-1: Foul Ball, location: 2F
3-2: SINGLE (Line Drive, 89S)
Batting: RHB Terry Perkins 0-0: Ball
1-0: Swinging Strike
1-1: Ball
2-1: Called Strike
2-2: Strikes out looking
Batting: LHB Jim Hall 0-0: Called Strike
0-1: Called Strike
0-2: Ball
1-2: Foul Ball, location: 2F
1-2: Ball
2-2: Strikes out looking
Batting: RHB Carlos Sánchez 0-0: Called Strike
0-1: Foul Ball, location: 2F
0-2: Fielders Choice at 2nd, 5-4 (Groundball, 56)
Bottom of the 3rd over - 0 run(s), 1 hit(s), 0 error(s), 0 left on base; Coweta HS 7 - Bishop Verot HS 2
TOP OF THE 4TH
Coweta HS Tigers batting - Pitching for Bishop Verot HS : RHP Pete O'Connor
Batting: RHB Héctor Vázquez 0-0: Ball
1-0: Ball
2-0: Foul Ball, location: 2F
2-1: Foul Ball, location: 2F
2-2: Ball
3-2: Foul Ball, location: 2F
3-2: Base on Balls
Batting: LHB Jim Clemente 0-0: Ball
Héctor Vázquez steals 2nd base
1-0: Ball
2-0: Foul Ball, location: 2F
2-1: Called Strike
2-2: Ball
3-2: Strikes out swinging
Batting: RHB Ben Johnson 0-0: Called Strike
0-1: Called Strike
0-2: Ball
1-2: Strikes out looking
Batting: RHB Phil Shaw 0-0: Called Strike
0-1: Ball
1-1: Foul Ball, location: 2F
1-2: Strikes out swinging
Top of the 4th over - 0 run(s), 0 hit(s), 0 error(s), 1 left on base; Coweta HS 7 - Bishop Verot HS 2
BOTTOM OF THE 4TH
Bishop Verot HS batting - Pitching for Coweta HS Tigers : RHP Paul Orr
Batting: RHB Reynaldo Gómez 0-0: SINGLE (Groundball, 34D)
Batting: RHB Jon Foster 0-0: Called Strike
Reynaldo Gómez steals 2nd base
0-1: Ball
1-1: Ground out 4-3 (Groundball, 4)
Reynaldo Gómez to third
Batting: RHB Peter Bishop 0-0: Ball
1-0: Called Strike
1-1: Ball
2-1: Ground out 4-3 (Groundball, 4)
Reynaldo Gómez scores
Pitching: RHP Vic Curtis
Batting: RHB Luis Morales 0-0: Fly out, F3 (Popup, 3SF)
Bottom of the 4th over - 1 run(s), 1 hit(s), 0 error(s), 0 left on base; Coweta HS 7 - Bishop Verot HS 3
TOP OF THE 5TH
Coweta HS Tigers batting - Pitching for Bishop Verot HS : RHP Pete O'Connor
Batting: RHB Jon Waller 0-0: Ball
1-0: Ball
2-0: Called Strike
2-1: SINGLE (Flyball, 8LS)
Batting: SHB Jessie Teague 0-0: Ball
1-0: Swinging Strike
1-1: Foul Ball, location: 2F
1-2: Ball
2-2: Ball
3-2: SINGLE (Groundball, 13) (infield hit)
Jon Waller to second
Batting: RHB Ramiro Javier 0-0: Ball
1-0: Foul Ball, location: 2F
1-1: Fly out, F8 (Flyball, 8LM)
Batting: RHB Brian Andrews 0-0: Called Strike
0-1: Ball
1-1: SINGLE (Groundball, 4MD)
Jon Waller to third
Jessie Teague to second
Batting: RHB José Cisneros 0-0: Ball
1-0: Ball
2-0: Called Strike
2-1: Ball
3-1: SINGLE (Line Drive, 56)
Jon Waller scores
Jessie Teague to third
Brian Andrews to second
Pitching: RHP Jared Thomas
Batting: RHB Héctor Vázquez 0-0: Ball
1-0: Ball
2-0: Foul Ball, location: 2F
2-1: Foul Ball, location: 2F
2-2: Ball
3-2: Base on Balls
Jessie Teague scores
Brian Andrews to third
José Cisneros to second
Batting: LHB Jim Clemente 0-0: GRAND SLAM HOME RUN (Flyball, 9D), Distance : 371 ft
Batting: RHB Ben Johnson 0-0: SINGLE (Groundball, 56D)
Batting: RHB Phil Shaw 0-0: Ball
1-0: Ball
2-0: Ball
3-0: Base on Balls
Ben Johnson to second
Batting: RHB Jon Waller 0-0: Ball
1-0: Ball
2-0: Foul Ball, location: 2F
2-1: 3-RUN HOME RUN (Flyball, 9D), Distance : 373 ft
Pitching: RHP Collin Thompson
Batting: SHB Jessie Teague 0-0: Called Strike
0-1: Called Strike
0-2: Strikes out looking
Batting: RHB Ramiro Javier 0-0: Called Strike
0-1: Ball
1-1: Ground out 2-3 (Groundball, 2R)
Top of the 5th over - 9 run(s), 7 hit(s), 0 error(s), 0 left on base; Coweta HS 16 - Bishop Verot HS 3
BOTTOM OF THE 5TH
Bishop Verot HS batting - Pitching for Coweta HS Tigers : RHP Vic Curtis
Batting: LHB Rafael Yan 0-0: Ball
1-0: Swinging Strike
1-1: Swinging Strike
1-2: Foul Ball, location: 2F
1-2: Ball
2-2: Foul Ball, location: 2F
2-2: Strikes out looking
Batting: RHB Nick Vogel 0-0: Called Strike
0-1: Called Strike
0-2: Strikes out swinging
Batting: RHB Terry Perkins 0-0: Ball
1-0: Ball
2-0: Ball
3-0: Called Strike
3-1: Foul Ball, location: 2F
3-2: Base on Balls
Batting: LHB Jim Hall 0-0: Ball
1-0: Called Strike
1-1: Foul Ball, location: 2F
1-2: Strikes out swinging
Bottom of the 5th over - 0 run(s), 0 hit(s), 0 error(s), 1 left on base; Coweta HS 16 - Bishop Verot HS 3
TOP OF THE 6TH
Coweta HS Tigers batting - Pitching for Bishop Verot HS : RHP Collin Thompson
Batting: RHB Brian Andrews 0-0: Ball
1-0: Called Strike
1-1: Foul Ball, location: 2F
1-2: Ball
2-2: Ball
3-2: Base on Balls
Batting: RHB José Cisneros 0-0: Foul Ball, location: 2F
0-1: Foul Ball, location: 2F
0-2: Foul Ball, location: 2F
0-2: Ball
1-2: Foul Ball, location: 2F
1-2: Ball
2-2: Ball
3-2: Strikes out swinging
Batting: RHB Héctor Vázquez 0-0: Foul Ball, location: 2F
0-1: Ball
1-1: Ball
2-1: Swinging Strike
2-2: Ball
3-2: Base on Balls
Brian Andrews to second
Batting: LHB Jim Clemente 0-0: Ball
1-0: Ball
2-0: Ball
3-0: Base on Balls
Brian Andrews to third
Héctor Vázquez to second
Batting: RHB Ben Johnson 0-0: Foul Ball, location: 2F
0-1: Called Strike
0-2: Foul Ball, location: 2F
0-2: Ball
1-2: Strikes out swinging
Batting: RHB Phil Shaw 0-0: Ball
1-0: Called Strike
1-1: Called Strike
1-2: Strikes out swinging
Top of the 6th over - 0 run(s), 0 hit(s), 0 error(s), 3 left on base; Coweta HS 16 - Bishop Verot HS 3
BOTTOM OF THE 6TH
Bishop Verot HS batting - Pitching for Coweta HS Tigers : RHP Vic Curtis
Batting: RHB Carlos Sánchez 0-0: Ball
1-0: Fly out, F9 (Flyball, 89M)
Batting: RHB Reynaldo Gómez 0-0: Ball
1-0: Fly out, F9 (Flyball, 89M)
Batting: RHB Jon Foster 0-0: Called Strike
0-1: Ball
1-1: Fly out, F7 (Flyball, 78S)
Bottom of the 6th over - 0 run(s), 0 hit(s), 0 error(s), 0 left on base; Coweta HS 16 - Bishop Verot HS 3
TOP OF THE 7TH
Coweta HS Tigers batting - Pitching for Bishop Verot HS : RHP Collin Thompson
Batting: RHB Jon Waller 0-0: Ground out 6-3 (Groundball, 6)
Pitching: RHP Joe Watson
Batting: SHB Jessie Teague 0-0: Called Strike
0-1: Swinging Strike
0-2: Ball
1-2: Foul Ball, location: 2F
1-2: Strikes out swinging
Batting: RHB Ramiro Javier 0-0: Swinging Strike
0-1: Called Strike
0-2: Ball
1-2: Ball
2-2: Ball
3-2: Strikes out swinging
Top of the 7th over - 0 run(s), 0 hit(s), 0 error(s), 0 left on base; Coweta HS 16 - Bishop Verot HS 3
BOTTOM OF THE 7TH
Bishop Verot HS batting - Pitching for Coweta HS Tigers : RHP Vic Curtis
Pitching: LHP Manuel Velasco
Batting: RHB Peter Bishop 0-0: Ball
1-0: Called Strike
1-1: Foul Ball, location: 2F
1-2: Ball
2-2: Ball
3-2: SINGLE (Flyball, 89S)
Batting: RHB Luis Morales 0-0: Foul Ball, location: 2F
0-1: Foul Ball, location: 2F
0-2: Strikes out swinging
Batting: LHB Rafael Yan 0-0: Called Strike
0-1: Ball
1-1: Ball
2-1: Ball
3-1: Base on Balls
Peter Bishop to second
Batting: RHB Nick Vogel 0-0: Ball
Peter Bishop steals 3rd base
Rafael Yan to second
1-0: Ball
2-0: Ball
3-0: Called Strike
3-1: Base on Balls
Batting: RHB Terry Perkins 0-0: Called Strike
0-1: Foul Ball, location: 2F
0-2: Ball
1-2: Strikes out swinging
Batting: LHB Jim Hall 0-0: Ball
1-0: Ball
2-0: Ball
3-0: Called Strike
3-1: Swinging Strike
3-2: Base on Balls
Peter Bishop scores
Rafael Yan to third
Nick Vogel to second
Batting: RHB Carlos Sánchez 0-0: Called Strike
0-1: Hit by Pitch
Rafael Yan scores
Nick Vogel to third
Jim Hall to second
Batting: RHB Reynaldo Gómez Reached via error on a dropped throw, E3
Nick Vogel scores
Jim Hall to third
Carlos Sánchez to second
Batting: RHB Jon Foster 0-0: Called Strike
0-1: Fly out, F4 (Popup, 4D)
Bottom of the 7th over - 3 run(s), 1 hit(s), 1 error(s), 3 left on base; Coweta HS 16 - Bishop Verot HS 6
TOP OF THE 8TH
Coweta HS Tigers batting - Pitching for Bishop Verot HS : RHP Joe Watson
Batting: RHB Brian Andrews 0-0: Ball
1-0: Called Strike
1-1: Foul Ball, location: 2F
1-2: Ball
2-2: Ball
3-2: Ground out 5-3 (Groundball, 5S)
Pinch Hitting: RHB Luis Brito 0-0: Called Strike
0-1: Foul Ball, location: 2F
0-2: Ball
1-2: Ball
2-2: Foul Ball, location: 2F
2-2: Strikes out looking
Batting: RHB Héctor Vázquez 0-0: Ball
1-0: Foul Ball, location: 2F
1-1: Fly out, F9 (Flyball, 9S)
Top of the 8th over - 0 run(s), 0 hit(s), 0 error(s), 0 left on base; Coweta HS 16 - Bishop Verot HS 6
BOTTOM OF THE 8TH
Bishop Verot HS batting - Pitching for Coweta HS Tigers : LHP Manuel Velasco
Now at 2B: Joe LaFontaine
Batting: RHB Peter Bishop 0-0: Foul Ball, location: 2F
0-1: Ground out U3 (Groundball, 3)
Batting: RHB Luis Morales 0-0: Ball
1-0: Ball
2-0: Ground out 3-1 (Groundball, 34S)
Batting: LHB Rafael Yan 0-0: Foul Ball, location: 2F
0-1: Ball
1-1: Fly out, F8 (Flyball, 8LM)
Bottom of the 8th over - 0 run(s), 0 hit(s), 0 error(s), 0 left on base; Coweta HS 16 - Bishop Verot HS 6
TOP OF THE 9TH
Coweta HS Tigers batting - Pitching for Bishop Verot HS : RHP Joe Watson
Batting: LHB Jim Clemente 0-0: Swinging Strike
0-1: Ball
1-1: SOLO HOME RUN (Flyball, 89XD), Distance : 405 ft
Batting: RHB Ben Johnson 0-0: Ball
1-0: Ball
2-0: Called Strike
2-1: Swinging Strike
2-2: SINGLE (Line Drive, 7S)
Batting: RHB Phil Shaw 0-0: Swinging Strike
0-1: Ball
1-1: Ball
2-1: Foul Ball, location: 2F
2-2: Ball
3-2: Foul Ball, location: 2F
3-2: Foul Ball, location: 2F
3-2: Strikes out swinging
Batting: RHB Jon Waller 0-0: Ball
1-0: Fly out, F6 (Popup, 5L)
Batting: SHB Jessie Teague 0-0: Called Strike
0-1: Called Strike
0-2: Ball
1-2: Strikes out swinging
Top of the 9th over - 1 run(s), 2 hit(s), 0 error(s), 1 left on base; Coweta HS 17 - Bishop Verot HS 6
BOTTOM OF THE 9TH
Bishop Verot HS batting - Pitching for Coweta HS Tigers : LHP Manuel Velasco
Now at 1B: Dusty Green
Batting: RHB Nick Vogel 0-0: Foul Ball, location: 2F
0-1: Called Strike
0-2: Ball
1-2: Fly out, F9 (Line Drive, 89M)
Pinch Hitting: RHB Stuart Mitchell 0-0: Ball
1-0: Ball
2-0: Ground out 5-3 (Groundball, 56S)
Batting: LHB Jim Hall 0-0: Ground out 4-3 (Groundball, 4)
Bottom of the 9th over - 0 run(s), 0 hit(s), 0 error(s), 0 left on base; Coweta HS 17 - Bishop Verot HS 6
This league is powered by Out of the Park Baseball, the baseball management simulation game for PC, Mac and Linux
Saturday, April 9th, 2016 - OOTP Baseball 16.8 Build 38